 Dungeon Crawl Stone Soup version 0.28-a0-1594-ga885d4b3d6 (webtiles) character file.

Game seed: 13072830396869579974

582140 HallandMoats the Demonic Catastrophe (level 25, -3/282 HPs)
             Began as a Demonspawn Fighter on Jan 21, 2022.
             Was an Elder of Qazlal.
             Killed from afar by a salamander tyrant (15 damage)
             ... on level 15 of a ziggurat.
             The game lasted 02:29:26 (65645 turns).

HallandMoats the Demonic Catastrophe (DsFi)        Turns: 65645, Time: 02:29:26

Health: -3/282     AC: 36    Str: 21    XL:     25   Next: 41%
Magic:  0/38       EV: 16    Int: 19    God:    Qazlal [****..]
Gold:   3605       SH: 24    Dex: 23    Spells: 24/24 levels left

rFire   + + +      SeeInvis +   a - +7 Screaming Sword {vorpal, sonic wave}
rCold   + . .      Faith    .   p - +1 kite shield {reflect}
rNeg    . . .      Spirit   +   m - +6 gold dragon scales
rPois   +          Reflect  +   P - +0 mask of the Dragon {Will+ Slay+3 SInv}
rElec   +          Harm     .   A - +0 cloak {Will+}
rCorr   +          Rampage  .   G - +2 pair of gloves {Stlth+}
Will    ++++.                   (boots unavailable)
Stlth   ..........              F - amulet of guardian spirit
HPRegen 0.57/turn               T - ring of the Solstice {rF++ Dex+6 SInv}
MPRegen 0.26/turn               e - ring "Ceegoipt" {Contam rElec rCorr EV+4 Int+8}

@: mighty, hasted, studying Fighting, invisible, repel missiles, unable to read,
very quick
A: hooves 3, icy blue scales 2, demonic guardian 3, robust 3, spiny 3, large
bone plates 1, dopey 1, strong-willed 1, inability to read while threatened,
MP-powered wands
}: 4/15 runes: barnacled, slimy, silver, gossamer
a: Renounce Religion, Upheaval, Elemental Force


You were on level 15 of a ziggurat.
You worshipped Qazlal.
Qazlal was greatly pleased with you.
You visited 10 branches of the dungeon, and saw 49 of its levels.
You visited the Abyss 1 time.
You visited 1 bazaar.
You visited 1 ziggurat, and saw 15 of its levels.

You collected 7307 gold pieces.
You spent 3702 gold pieces at shops.

Inventory:

Hand Weapons
 a - the +7 Screaming Sword (weapon) {vorpal, sonic wave}
   (You found it on level 3 of the Dungeon)

   It inflicts extra damage upon your enemies.
   It radiates damaging sonic waves as it strikes, especially in combat
   involving dangerous or numerous foes.
 b - a +9 demon blade of flaming
 s - the +11 plutonium sword {Contam Stlth-}
   (You found it on level 5 of the Pits of Slime)

   It occasionally inflicts wild transmutation effects on those it strikes,
   inflicting malmutation or extra damage, or polymorphing them into a new form.
   Contam:    It causes magical contamination when unequipped.
   Stlth:     It makes you less stealthy.
 y - the +10 dark maul {vorpal}
   (You found it on level 5 of a ziggurat)

   It inflicts extra damage upon your enemies.
 V - the +8 glaive of the Guard {elec, spectral, AC+5}
   (You found it on level 4 of the Shoals)

   It occasionally discharges a powerful burst of electricity upon striking a
   foe.
   When it strikes, its spirit leaps out and fights alongside the wielder.
   AC:        It affects your AC (+5).
Missiles
 t - 7 throwing nets
Armour
 m - +6 gold dragon scales (worn)
 p - a +1 kite shield of reflection (worn)
 A - a +0 cloak of willpower (worn)
 G - a +2 pair of gloves of stealth (worn)
 K - the +4 Cigotuvi's embrace {rMiasma Drain rN+}
   (You found it on level 5 of the Vaults)

   It gathers nearby corpses to temporarily increase the armour it provides.
   It protects you from foul pestilence.
   rN:        It protects you from negative energy.
   Drain:     It drains your maximum health when unequipped.
 P - the +0 mask of the Dragon (worn) {Will+ Slay+3 SInv}
   (You found it on level 3 of the Elven Halls)

   Slay:      It affects your accuracy & damage with ranged weapons and melee
   (+3).
   SInv:      It lets you see invisible.
   Will:      It increases your willpower.
Jewellery
 e - the ring "Ceegoipt" (right hand) {Contam rElec rCorr EV+4 Int+8}
   (You found it on level 15 of the Dungeon)

   [ring of evasion]

   EV:        It affects your evasion (+4).
   Int:       It affects your intelligence (+8).
   rElec:     It insulates you from electricity.
   Contam:    It causes magical contamination when unequipped.
   rCorr:     It protects you from acid and corrosion.
 B - a ring of willpower
 F - an amulet of guardian spirit (around neck)
 J - a ring of positive energy
 S - the amulet of Vitality {Regen+ HP+15}
   (You bought it in a shop in a bazaar)

   [amulet of regeneration]

   HP:        It affects your health (+15).
   Regen:     It increases your rate of health regeneration.
 T - a ring of the Solstice (left hand) {rF++ Dex+6 SInv}
   (You bought it in a shop in a bazaar)

   [ring of dexterity]

   Dex:       It affects your dexterity (+6).
   rF:        It greatly protects you from fire.
   SInv:      It lets you see invisible.
Wands
 l - a wand of acid (23)
 E - a wand of digging (13)
Scrolls
 f - 2 scrolls of brand weapon
 g - 20 scrolls of fog
 h - 41 scrolls of identify
 i - 4 scrolls of enchant weapon
 k - 8 scrolls of fear
 n - 5 scrolls of magic mapping
 o - 7 scrolls of silence
 u - 9 scrolls of blinking
 x - a scroll of enchant armour
 C - 29 scrolls of teleportation
 D - 5 scrolls of summoning
 M - 5 scrolls of amnesia
Potions
 c - 2 potions of resistance
 j - 5 potions of curing
 q - 6 potions of cancellation
 r - 5 potions of berserk rage
 w - 3 potions of magic (quivered)
 I - 4 potions of invisibility
 N - 3 potions of might
 O - 5 potions of brilliance
Miscellaneous
 d - a phantom mirror
 v - a condenser vane (inert)
 W - a condenser vane (inert)


   Skills:
 * Level 22.2 Fighting
 + Level 21.0 Long Blades
 - Level 2.2 Axes
 - Level 5.8 Slings
 + Level 17.5 Armour
 + Level 17.3 Dodging
 - Level 10.2 Shields
 * Level 22.9 Invocations
 + Level 14.8 Evocations


You had 24 spell levels left.
You didn't know any spells.
Your spell library contained the following spells:

 Spells                   Type           Power      Damage    Failure   Level
 Animate Skeleton         Necr           0%         N/A       100%        1
 Apportation              Tloc           0%         N/A       100%        1
 Foxfire                  Conj/Fire      0%         2x1d4     100%        1
 Freeze                   Ice            0%         1d3       100%        1
 Magic Dart               Conj           0%         1d3       100%        1
 Pain                     Necr           0%         1d4       100%        1
 Sandblast                Erth           0%         2d4       100%        1
 Slow                     Hex            0%         N/A       100%        1
 Sting                    Tmut/Pois      0%         1d3       100%        1
 Summon Small Mammal      Summ           0%         N/A       100%        1
 Blink                    Tloc           0%         N/A       100%        2
 Corpse Rot               Necr/Air       0%         N/A       100%        2
 Ensorcelled Hibernation  Hex/Ice        0%         N/A       100%        2
 Passwall                 Tmut/Erth      0%         N/A       100%        2
 Poisonous Vapours        Pois/Air       0%         N/A       100%        2
 Searing Ray              Conj           0%         2d4       100%        2
 Static Discharge         Conj/Air       0%         N/A       100%        2
 Sublimation of Blood     Necr           0%         N/A       100%        2
 Wereblood                Tmut           0%         N/A       100%        2
 Call Canine Familiar     Summ           0%         N/A       100%        3
 Confusing Touch          Hex            0%         N/A       100%        3
 Conjure Flame            Conj/Fire      0%         6-21      100%        3
 Dazzling Flash           Conj/Hex       0%         N/A       100%        3
 Frozen Ramparts          Ice            0%         1d2       100%        3
 Gell's Gravitas          Tloc           0%         N/A       100%        3
 Ignite Poison            Fire/Tmut/Pois 0%         N/A       100%        3
 Inner Flame              Hex/Fire       0%         N/A       100%        3
 Lesser Beckoning         Tloc           0%         N/A       100%        3
 Mephitic Cloud           Conj/Pois/Air  0%         N/A       100%        3
 Ozocubu's Armour         Ice            0%         N/A       100%        3
 Portal Projectile        Hex/Tloc       0%         N/A       100%        3
 Spider Form              Tmut/Pois      0%         N/A       100%        3
 Stone Arrow              Conj/Erth      0%         3d7       100%        3
 Summon Guardian Golem    Hex/Summ       0%         N/A       100%        3
 Swiftness                Air            0%         N/A       100%        3
 Teleport Other           Tloc           0%         N/A       100%        3
 Tukima's Dance           Hex            0%         N/A       100%        3
 Vampiric Draining        Necr           0%         2d6       100%        3
 Airstrike                Air            0%         N/A       100%        4
 Anguish                  Hex/Necr       0%         N/A       100%        4
 Dispel Undead            Necr           0%         3d6       100%        4
 Flame Wave               Conj/Fire      0%         2d4       100%        4
 Fulminant Prism          Conj/Hex       0%         3d6       100%        4
 Hailstorm                Conj/Ice       0%         3d3       100%        4
 Ice Form                 Ice/Tmut       0%         N/A       100%        4
 Iskenderun's Mystic Bla  Conj/Tloc      0%         2d3       100%        4
 Leda's Liquefaction      Hex/Erth       0%         N/A       100%        4
 Olgreb's Toxic Radiance  Pois           0%         N/A       100%        4
 Passage of Golubria      Tloc           0%         N/A       100%        4
 Petrify                  Tmut/Erth      0%         N/A       100%        4
 Sticky Flame             Conj/Fire      0%         2d3       100%        4
 Summon Ice Beast         Ice/Summ       0%         N/A       100%        4
 Summon Lightning Spire   Summ/Air       0%         N/A       100%        4
 Agony                    Necr           0%         N/A       100%        5
 Alistair's Intoxication  Tmut/Pois      0%         N/A       100%        5
 Borgnjor's Vile Clutch   Necr/Erth      0%         N/A       100%        5
 Excruciating Wounds      Necr           0%         N/A       100%        5
 Fireball                 Conj/Fire      0%         3d3       100%        5
 Freezing Cloud           Conj/Ice/Air   0%         6-21      100%        5
 Iskenderun's Battlesphe  Conj           0%         2d6       100%        5
 Lee's Rapid Deconstruct  Erth           0%         3d5*      100%        5
 Lightning Bolt           Conj/Air       0%         1d11      100%        5
 Manifold Assault         Tloc           0%         N/A       100%        5
 Metabolic Englaciation   Hex/Ice        0%         N/A       100%        5
 Summon Forest            Summ/Tloc      0%         N/A       100%        5
 Summon Mana Viper        Hex/Summ       0%         N/A       100%        5
 Yara's Violent Unravell  Hex/Tmut       0%         3d3       100%        5
 Death Channel            Necr           0%         N/A       100%        6
 Dispersal                Tloc           0%         N/A       100%        6
 Eringya's Noxious Bog    Tmut/Pois      0%         N/A       100%        6
 Simulacrum               Ice/Necr       0%         N/A       100%        6
 Starburst                Conj/Fire      0%         6d3       100%        6
 Statue Form              Tmut/Erth      0%         N/A       100%        6
 Summon Cactus Giant      Summ           0%         N/A       100%        6
 Enfeeble                 Hex            0%         N/A       100%        7
 Malign Gateway           Summ/Tloc      0%         N/A       100%        7
 Orb of Destruction       Conj           0%         9d5       100%        7
 Ozocubu's Refrigeration  Ice            0%         4d5       100%        7
 Spellforged Servitor     Conj/Summ      0%         N/A       100%        7
 Storm Form               Tmut/Air       0%         N/A       100%        7
 Summon Hydra             Summ           0%         N/A       100%        7
 Maxwell's Capacitive Co  Air            0%         ∞         100%        8
 Summon Horrible Things   Summ           0%         N/A       100%        8
 Chain Lightning          Conj/Air       0%         N/A       100%        9
 Fire Storm               Conj/Fire      0%         5d1       100%        9
 Polar Vortex             Ice            0%         N/A       100%        9
 Shatter                  Erth           0%         3d5*      100%        9


Dungeon Overview and Level Annotations

Branches:
Dungeon (15/15)            Temple (1/1) D:5            Lair (6/6) D:11
 Shoals (4/4) Lair:3       Spider (4/4) Lair:2        Slime (5/5) Lair:5
    Orc (2/2) D:9             Elf (3/3) Orc:2        Vaults (5/5) D:13
  Crypt (0/3) Vaults:3     Depths (4/4) D:15            Zot (0/5) Depths:4

Altars:
Ashenzari
Cheibriados
Dithmenos
Elyvilon
Fedhas
Gozag
Hepliaklqana
Kikubaaqudgha
Makhleb
Nemelex Xobeh
Okawaru
Qazlal
Ru
Sif Muna
Trog
Uskayaw
Vehumet
Wu Jian
Xom
Yredelemnul
Zin
The Shining One
Beogh
Jiyva

Shops:
D:2 !   D:14 !   Orc:1 **   Orc:2 [(:*   Elf:3 [   Shoals:2 (   Vaults:1 (
Vaults:5 (   Depths:4 (

Portals:
Hell: Depths:1 Depths:2 Depths:3 Depths:4
Abyss: Depths:3
Pandemonium: Depths:2
Bazaar: Depths:4

Annotations:
D:7 1 runed translucent door, Clumpoid's ghost, novice GnHu
Spider:3 2 transporters, Riopsa's ghost, adept GrEE


Innate Abilities, Weirdness & Mutations

You have hooves in place of feet.
You are mostly covered in icy blue scales. (AC +3)
A powerful demonic guardian rushes to your aid.
You are extremely robust. (+30% HP)
You are completely covered in sharp spines.
You are partially covered in large bone plates. (SH +4)
You are dopey. (Int -2)
You are strong-willed. (Will+)
You sometimes lose the ability to read scrolls when taking damage.
You expend magic power (3 MP) to strengthen your wands.


Message History

* * * LOW HITPOINT WARNING * * *
The Brimstone Fiend calls on the powers of darkness!
The salamander tyrant convulses!
Your body is wracked with pain!
* * * LOW HITPOINT WARNING * * *
The fire giant convulses!
The salamander tyrant rends the earth beneath you!
The blast of magma engulfs you. You partially resist.
* * * LOW HITPOINT WARNING * * *
You hear a sizzling sound!
Unknown command.
Unknown command.
Unknown command.
Okay, then.
Okay, then.
Your Hell Sentinel hits the balrug!! x2
Keep disrobing?
You start removing your amulet.
You continue taking off your amulet of guardian spirit.
The hellephant trumpets! x2
The balrug gestures at your Hell Sentinel.
Your Hell Sentinel is smitten.
You block the balrug's attack.
The salamander tyrant rends the earth beneath you!
The blast of magma engulfs the balrug!
The balrug partially resists.
The blast of magma engulfs you.
* * * LOW HITPOINT WARNING * * *
The blast of magma engulfs the balrug!!
The balrug partially resists.
Your Hell Sentinel barely misses the balrug.
Your Hell Sentinel hits the balrug.
The balrug dies!
Qazlal accepts your kill.
You continue taking off your amulet of guardian spirit.
The hellephant trumpets! x2
The hellion is engulfed in blazing flames.
The balrug is struck by your spines. The balrug hits you but does no damage.
The salamander tyrant rends the earth beneath you!
You hear a sizzling sound!
The blast of magma engulfs the balrug!
The balrug partially resists.
The blast of magma engulfs you!! You partially resist.
You die...

▓▓......≈≈≈..
▓.......≈8≈n..
▓.......≈§≈nY.
▓.........1C.n
▓▓.........Y...
▓..∩.....11....
▓▓....○N°.Y....
▓...1221......
▓...°≈@≈°§≈...
▓...°≈≈.§8§...
▓▓......≈§≈§..
▓........§...
▓▓...........
▓▓..........
▓▓.........
▓▓........


You could see 3 hellephants, 3 searing wretches, 4 Brimstone Fiends, a fire
giant, a balrug (ally target), a salamander tyrant, a hellion and a friendly
Hell Sentinel (summoned).

Vanquished Creatures
  the Royal Jelly (Slime:5)
  5 dread liches
  2 pandemonium lords
  Mara (Shoals:4)
  3 ancient liches
  Sojobo (Depths:4)
  Frederick (Depths:2)
  4 Killer Klowns
  Saint Roka (Vaults:2)
  Bai Suzhen (Depths:1)
  Nikola (Shoals:4)
  A profane servitor (Zig:11)
  5 bone dragons
  2 Tzitzimimeh
  3 doom hounds (Zig:11)
  5 tentacled monstrosities
  Jorgrun (Orc:1)
  An Ice Fiend (Zig:8)
  A Hell Sentinel (Zig:6)
  Rupert (Orc:2)
  3 liches
  A quicksilver dragon (shapeshifter) (Zig:14)
  2 searing wretches (Zig:7)
  3 deep elf blademasters
  5 titans
  A deep elf master archer (Elf:3)
  A quicksilver dragon (Depths:3)
  A sphinx (shapeshifter) (Zig:8)
  Polyphemus (Shoals:4)
  25 acid blobs
  Frances (D:14)
  8 tengu reavers
  2 krakens
  5 shadow dragons
  A shadow dragon (shapeshifter) (Zig:8)
  12 sphinxes
  Donald (Shoals:3)
  5 storm dragons
  17 azure jellies
  A fenstrider witch (shapeshifter) (Depths:3)
  6 deep elf sorcerers (Elf:3)
  20 rockslimes
  8 frost giants
  8 emperor scorpions
  A demonspawn warmonger (Zig:6)
  17 vault wardens
  A cacodemon (Zig:6)
  12 fire giants
  3 iron dragons
  2 balrugs
  5 orc warlords
  11 ghost moths
  A caustic shrike zombie (Depths:1)
  17 ironbound preservers
  4 deep elf elementalists
  A draconian annihilator (Depths:4)
  A reaper (Zig:11)
  2 spectral caustic shrikes (Depths:2)
  7 war gargoyles
  2 quicksilver oozes (shapeshifter)
  19 quicksilver oozes
  A stone giant (shapeshifter) (Depths:3)
  5 stone giants
  26 very ugly things
  3 broodmothers
  4 ironbound thunderhulks
  4 putrid mouths (Zig:11)
  7 entropy weavers
  9 deep elf demonologists
  18 dire elephants
  2 purple draconians (Depths:4)
  A white draconian (Depths:4)
  A bunyip (shapeshifter) (Depths:3)
  10 deep elf annihilators
  10 spark wasps
  5 deep elf death magi (Elf:3)
  4 ettins
  A minotaur (Shoals:4)
  4 merfolk impalers
  A blizzard demon (Zig:14)
  14 great orbs of eyes
  5 fire dragons
  33 vault guards
  18 yaktaur captains
  13 hydras
  Josephine (D:13)
  7 ice dragons
  3 rakshasas
  4 deep elf high priests
  4 boulder beetles
  A spriggan zombie (D:15)
  8 ironbound frosthearts
  Fannar (Orc:1)
  Erica (D:9)
  A merfolk aquamancer (Shoals:1)
  A jorogumo (Spider:4)
  4 catoblepae
  4 spriggan air magi (Depths:3)
  7 centaur warriors
  A two-headed ogre (Orc:2)
  A radroach (Spider:4)
  An anaconda (shapeshifter) (Zig:8)
  A hell hog (Depths:4)
  9 satyrs (Shoals:4)
  16 death yaks
  2 deep troll shamans (Depths:1)
  A death knight (D:15)
  2 death scarabs
  A death yak (shapeshifter) (Zig:12)
  9 tengu warriors
  32 dancing weapons
  10 hell knights
  A vampire mage (Depths:2)
  7 deep troll earth magi
  A thrashing horror (Abyss:1)
  A soul eater (Depths:4)
  A naga sharpshooter (Zig:3)
  A storm dragon zombie (Zig:4)
  Urug (D:10)
  2 sun demons
  2 orc high priests
  Sonja (Lair:3)
  19 deep elf knights
  6 pharaoh ants
  5 sea snakes
  7 skeletal warriors
  An orb spider (shapeshifter) (Depths:3)
  3 sun moths
  A glowing orange brain (shapeshifter) (Zig:12)
  3 obsidian statues (Zig:2)
  5 steelbarb worms
  2 flayed ghosts
  30 deep trolls
  5 iron trolls
  9 wizards
  A glowing orange brain (Vaults:1)
  12 ironbound convokers
  13 orb spiders
  A golden dragon skeleton (Depths:1)
  14 deep elf archers
  A sea snake (shapeshifter) (Depths:3)
  11 orc knights
  5 phantasmal warriors
  A shadow demon (Zig:6)
  2 golden dragon zombies
  2 swamp dragons (shapeshifter)
  6 lindwurms (Vaults:2)
  Pikel (D:6)
  20 harpies
  7 necromancers
  An iron dragon zombie (Depths:1)
  29 deep elf pyromancers
  A fire giant zombie (D:15)
  37 ugly things
  28 deep elf zephyrmancers
  5 orc sorcerers
  A mana viper (Zig:3)
  An oklob plant (Lair:6)
  2 salamanders
  13 fauns
  7 shining eyes
  26 wolf spiders
  A stone giant zombie (Vaults:2)
  5 moths of wrath
  14 manticores
  A stone giant skeleton (Vaults:2)
  2 fire giant skeletons (Vaults:2)
  4 cyclopes
  An ice statue (Zig:2)
  A guardian serpent (Zig:3)
  4 black mambas
  6 merfolk sirens
  17 vault sentinels
  4 water nymphs
  5 eyes of devastation
  5 torpor snails
  A water nymph (shapeshifter) (Zig:12)
  A gargoyle (D:11)
  A molten gargoyle (Depths:2)
  14 cane toads
  2 smoke demons
  A large abomination (D:14)
  2 hellions
  A rime drake (shapeshifter) (D:15)
  5 demonic crawlers
  4 rime drakes (Lair:6)
  A spriggan skeleton (D:15)
  44 yaktaurs
  A yaktaur zombie (Vaults:3)
  4 freezing wraiths
  2 kobold demonologists
  8 komodo dragons
  4 tormentors
  2 tengu conjurers
  An efreet (D:14)
  A yaktaur (shapeshifter) (Vaults:3)
  A human skeleton (Vaults:3)
  A guardian mummy (Zig:4)
  24 merfolk
  6 trolls
  3 polar bears
  A silent spectre (Zig:11)
  A troll (shapeshifter) (Zig:10)
  A queen bee (D:8)
  2 meliai (Spider:4)
  26 tarantellas
  Prince Ribbit (D:6)
  A hornet (shapeshifter) (D:14)
  4 wind drakes
  Grinder (D:3)
  29 blink frogs
  3 raiju (Abyss:1)
  2 dream sheep (shapeshifter)
  124 slime creatures
  6 dream sheep (Lair:6)
  2 snapping turtles (shapeshifter)
  6 snapping turtles
  19 culicivoras
  34 jumping spiders
  2 air elementals
  2 shadows
  A ynoxinul (Abyss:1)
  An ushabti (Zig:4)
  8 fire elementals
  13 water elementals
  9 wraiths
  73 yaks
  18 humans (D:13)
  A wyvern (Lair:3)
  A fire bat (shapeshifter) (Vaults:5)
  3 steam dragons
  44 redbacks
  3 vampire mosquitoes (D:10)
  14 golden eyes
  7 basilisks
  A chaos spawn (D:14)
  An elf simulacrum (Vaults:2)
  A human simulacrum (Vaults:2)
  2 neqoxecs
  A redback (shapeshifter) (Vaults:5)
  4 wargs
  Edmund (D:6)
  Menkaure (D:4)
  A water moccasin (shapeshifter) (D:14)
  6 small abominations
  A hell hound (Lair:2)
  14 water moccasins
  A floating eye (Zig:13)
  2 ice beasts (D:6)
  A sky beast (D:8)
  A necrophage (D:4)
  44 orc warriors
  2 black bears
  8 wolves
  An ogre (shapeshifter) (Vaults:5)
  12 ogres
  19 centaurs
  Blork the orc (D:6)
  A phantom (D:5)
  12 bullfrogs
  A human zombie (Vaults:2)
  15 kobold brigands
  A wyvern zombie (D:7)
  4 scorpions
  2 earth elementals (Elf:1)
  2 gnoll sergeants
  A water moccasin zombie (D:6)
  A water moccasin skeleton (D:5)
  A tengu zombie (D:15)
  14 killer bees
  14 wights
  3 electric eels
  5 howler monkeys
  6 hounds
  6 centaur zombies
  15 orc priests
  A bullfrog skeleton (D:6)
  A jelly (D:6)
  A gnoll shaman (D:8)
  3 iguanas
  An iron imp (Abyss:1)
  Jessica (D:3)
  25 orc wizards
  2 hound skeletons
  2 howler monkey zombies
  A mummy (Zig:4)
  11 gnolls
  A howler monkey skeleton (D:4)
  8 adders
  2 ufetubi
  An adder skeleton (D:4)
  4 worms
  2 dart slugs
  57 orcs
  5 ball pythons
  4 bats
  7 endoplasms
  4 giant cockroaches
  6 goblins
  7 hobgoblins
  4 jackals
  2 quokkas (D:4)
  2 frilled lizards
  29 kobolds
  2 rats
  A bush (Lair:6)
  4 butterflies
  7 tentacles
2085 creatures vanquished.

Vanquished Creatures (collateral kills)
  3 golden dragons
  A doom hound (Zig:11)
  A tentacled monstrosity (D:14)
  A lich (Vaults:4)
  A searing wretch (Zig:7)
  A deep elf blademaster (Depths:3)
  An ancient champion (Vaults:3)
  A vault warden (Vaults:3)
  A frost giant (Vaults:5)
  A pandemonium lord (Zig:8)
  3 balrugs
  A broodmother (Spider:4)
  An ironbound preserver (Vaults:5)
  A quicksilver ooze (Slime:5)
  6 very ugly things
  A black draconian (Depths:4)
  A putrid mouth (Zig:11)
  An ettin (Vaults:5)
  A dire elephant (shapeshifter) (Zig:14)
  A deep elf death mage (Elf:3)
  4 vault guards (Vaults:5)
  Erolcha (D:12)
  A peacekeeper (Vaults:3)
  2 ironbound frosthearts
  A spriggan air mage (Depths:1)
  An alligator snapping turtle (Shoals:1)
  A death yak (Lair:6)
  A deep elf knight (Elf:2)
  A sun moth (Spider:1)
  3 deep trolls
  A steelbarb worm (Spider:4)
  A glowing orange brain (Slime:4)
  A wizard (Vaults:3)
  An orc knight (Vaults:5)
  A lindwurm (shapeshifter) (Zig:14)
  A harpy (Shoals:2)
  2 ugly things (Vaults:3)
  A manticore (Shoals:4)
  2 wolf spiders (Spider:4)
  A moth of wrath (Zig:9)
  A merfolk siren (Shoals:1)
  A vault sentinel (Vaults:5)
  A black mamba (Lair:4)
  2 demonic crawlers
  An efreet (D:14)
  An unseen horror (D:12)
  2 yaktaurs (Vaults:3)
  A hellwing (Zig:6)
  A meliai (Spider:4)
  A wind drake (Shoals:1)
  A merfolk (Shoals:1)
  A tarantella (Spider:1)
  3 slime creatures (Slime:4)
  A snapping turtle (Shoals:1)
  2 jumping spiders
  A culicivora (Spider:4)
  A water elemental (Shoals:1)
  A wraith (Vaults:3)
  A fire elemental (Lair:2)
  3 yaks
  A redback (Spider:4)
  A golden eye (Slime:4)
  A hell hound (Lair:2)
  3 orc warriors
  An orc (D:7)
91 creatures vanquished.

Vanquished Creatures (others)
  A lich (Depths:1)
  A fire giant (Depths:1)
  A vampire mage (Vaults:3)
  A deep elf archer (Elf:1)
  2 deep elf zephyrmancers
  2 jumping spiders (Spider:3)
  A centaur simulacrum (D:14)
  A small abomination (Abyss:1)
  An orc (Orc:2)
  A bush (Lair:1)
  2 foxfires (Abyss:1)
  47 fungi
  230 plants
  8 tentacles
  A withered plant (D:15)
300 creatures vanquished.

Grand Total: 2476 creatures vanquished

Notes
Turn   | Place    | Note
-------+----------+-------------------------------------------
     0 | D:1      | HallandMoats the Demonspawn Fighter began the quest for the
                  | Orb.
     0 | D:1      | Reached XP level 1. HP: 18/18 MP: 1/1
   403 | D:1      | Gained mutation: You are partially covered in sharp spines.
                  | [demonic ancestry]
   403 | D:1      | Reached XP level 2. HP: 11/24 MP: 2/2
  1236 | D:2      | Reached skill level 1 in Invocations
  1314 | D:2      | Gained mutation: A weak demonic guardian rushes to your
                  | aid. [demonic ancestry]
  1314 | D:2      | Reached XP level 3. HP: 29/29 MP: 3/3
  1342 | D:2      | Found Ceed Reirch's Distillery.
  1348 | D:2      | Bought a potion of curing for 33 gold pieces
  1400 | D:2      | Found a blossoming altar of Fedhas.
  1915 | D:3      | Noticed Jessica
  1922 | D:3      | Killed Jessica
  1923 | D:3      | Reached skill level 1 in Dodging
  1923 | D:3      | Reached XP level 4. HP: 29/35 MP: 3/5
  2037 | D:3      | Found an opulent altar of Gozag.
  2168 | D:3      | Found the +7 Singing Sword {vorpal, sonic wave}
  2191 | D:3      | Found a faded altar of an unknown god.
  2201 | D:3      | Noticed Grinder
  2208 | D:3      | Killed Grinder
  2209 | D:3      | Reached skill level 1 in Long Blades
  2209 | D:3      | Reached skill level 1 in Slings
  2209 | D:3      | Gained mutation: You have large cloven feet. [demonic
                  | ancestry]
  2209 | D:3      | Reached XP level 5. HP: 42/42 MP: 6/6
  2365 | D:3      | Gained mutation: You are mostly covered in sharp spines.
                  | [demonic ancestry]
  2365 | D:3      | Reached XP level 6. HP: 48/48 MP: 7/7
  2977 | D:4      | Noticed Menkaure
  3173 | D:4      | Killed Menkaure
  3174 | D:4      | Reached XP level 7. HP: 12/54 MP: 9/9
  3949 | D:5      | Entered Level 5 of the Dungeon
  4013 | D:5      | Found a staircase to the Ecumenical Temple.
  4025 | Temple   | Entered the Ecumenical Temple
  4328 | Temple   | Became a worshipper of Qazlal Stormbringer
  4605 | D:6      | Reached XP level 8. HP: 61/61 MP: 9/11
  4894 | D:6      | Noticed Pikel
  4896 | D:6      | Noticed Blork the orc
  4896 | D:6      | Noticed Edmund
  4900 | D:6      | Killed Pikel
  4900 | D:6      | Reached * piety under Qazlal
  4901 | D:6      | Reached skill level 5 in Fighting
  4901 | D:6      | Reached skill level 5 in Invocations
  4901 | D:6      | Gained mutation: You are completely covered in sharp
                  | spines. [demonic ancestry]
  4901 | D:6      | Reached XP level 9. HP: 57/68 MP: 11/13
  4903 | D:6      | Killed Blork the orc
  4905 | D:6      | Killed Edmund
  4906 | D:6      | Reached skill level 5 in Long Blades
  5119 | D:6      | Noticed Prince Ribbit
  5127 | D:6      | Killed Prince Ribbit
  5128 | D:6      | Reached skill level 5 in Armour
  5346 | D:6      | Found a broken altar of Ashenzari.
  5389 | D:6      | Identified the +0 robe of Zigutabo {rN+}
  6302 | D:6      | Gained mutation: Your muscles are strong. (Str +2) [potion
                  | of mutation]
  6302 | D:6      | Gained mutation: You expend magic power (3 MP) to
                  | strengthen your wands. [potion of mutation]
  6303 | D:6      | Lost mutation: Your muscles are strong. (Str +2) [potion of
                  | mutation]
  6303 | D:6      | Lost mutation: You expend magic power (3 MP) to strengthen
                  | your wands. [potion of mutation]
  6303 | D:6      | Gained mutation: You are dopey. (Int -2) [potion of
                  | mutation]
  6304 | D:6      | Lost mutation: You are dopey. (Int -2) [potion of mutation]
  6304 | D:6      | Gained mutation: You expend magic power (3 MP) to
                  | strengthen your wands. [potion of mutation]
  6304 | D:6      | Gained mutation: You have a pair of small horns on your
                  | head. [potion of mutation]
  6304 | D:6      | Gained mutation: Your system is resistant to poisons.
                  | (rPois) [potion of mutation]
  6305 | D:6      | Lost mutation: You have a pair of small horns on your head.
                  | [potion of mutation]
  6305 | D:6      | Lost mutation: You expend magic power (3 MP) to strengthen
                  | your wands. [potion of mutation]
  6305 | D:6      | Lost mutation: Your system is resistant to poisons. (rPois)
                  | [potion of mutation]
  6305 | D:6      | Gained mutation: Your movements are slightly less
                  | encumbered by armour. (ER -2) [potion of mutation]
  6367 | D:7      | Found a runed translucent door.
  6367 | D:7      | Noticed Clumpoid's ghost (novice GnHu)
  6606 | D:7      | Reached ** piety under Qazlal
  6745 | D:7      | Gained mutation: You are partially covered in icy blue
                  | scales. (AC +2) [demonic ancestry]
  6745 | D:7      | Reached XP level 10. HP: 76/76 MP: 15/15
  7671 | D:8      | Reached skill level 5 in Dodging
  7688 | D:8      | Reached skill level 5 in Slings
  8151 | D:9      | Reached *** piety under Qazlal
  8414 | D:9      | Noticed Erica
  8424 | D:9      | Killed Erica
  8482 | D:9      | Reached XP level 11. HP: 84/84 MP: 17/17
  8499 | D:9      | Noticed an eight-headed hydra
  8501 | D:9      | Found a staircase to the Orcish Mines.
  8516 | D:9      | Killed a nine-headed hydra
  9592 | D:10     | Entered Level 10 of the Dungeon
  9719 | D:10     | Noticed Urug
  9728 | D:10     | Killed Urug
  9801 | D:10     | Reached **** piety under Qazlal
 10497 | D:10     | Found an ornate altar of the Wu Jian Council.
 10701 | D:11     | Noticed a seven-headed hydra
 10708 | D:11     | Killed a four-headed hydra
 10910 | D:11     | Reached XP level 12. HP: 84/92 MP: 19/19
 10922 | D:11     | Found a staircase to the Lair.
 11328 | D:11     | Reached skill level 10 in Invocations
 11853 | D:12     | Noticed Erolcha
 11853 | D:12     | Noticed a tengu warrior
 11853 | D:12     | Noticed a tengu warrior
 11859 | D:11     | Killed a tengu warrior
 11881 | D:11     | Killed a tengu warrior
 11889 | D:12     | Killed Erolcha
 11890 | D:12     | Reached skill level 10 in Long Blades
 13106 | Lair:1   | Entered Level 1 of the Lair of Beasts
 13446 | Lair:1   | Reached ***** piety under Qazlal
 13469 | Lair:1   | Noticed a six-headed hydra
 13475 | Lair:1   | Killed a four-headed hydra
 14157 | Lair:2   | Noticed a boulder beetle
 14172 | Lair:2   | Gained mutation: A demonic guardian rushes to your aid.
                  | [demonic ancestry]
 14172 | Lair:2   | Reached XP level 13. HP: 77/101 MP: 17/21
 14773 | Lair:2   | Found a hole to the Spider Nest.
 14783 | Lair:2   | Found a transporter.
 14849 | Lair:2   | Found a transporter.
 15827 | Lair:3   | Found a staircase to the Shoals.
 15845 | Lair:3   | Noticed Sonja
 15849 | Lair:3   | Cast into level 1 of the Abyss (Sonja)
 15849 | Abyss:1  | Found a corrupted altar of Lugonu.
 15925 | Abyss:1  | Found a corrupted altar of Lugonu.
 16023 | Abyss:1  | Gained mutation: You tend to lose your temper in combat. [a
                  | neqoxec]
 16024 | Abyss:1  | Gained mutation: You occasionally shout uncontrollably at
                  | your foes. [a neqoxec]
 16065 | Abyss:1  | Noticed a lich
 16072 | Abyss:1  | Killed a lich
 16104 | Abyss:1  | Noticed a blizzard demon
 16130 | Abyss:1  | Noticed a brown very ugly thing
 16185 | Lair:3   | Escaped the Abyss
 16198 | Lair:3   | Killed Sonja
 17541 | Lair:4   | Reached skill level 10 in Fighting
 18359 | Lair:2   | Reached skill level 5 in Shields
 18559 | Lair:5   | Reached XP level 14. HP: 110/110 MP: 23/23
 18595 | Lair:5   | Found a radiant altar of Vehumet.
 18847 | Lair:5   | Found a viscous altar of Jiyva.
 18847 | Lair:5   | Found a staircase to the Slime Pits.
 19144 | Lair:6   | Entered Level 6 of the Lair of Beasts
 19889 | Lair:6   | Reached ****** piety under Qazlal
 20568 | D:13     | Reached skill level 10 in Armour
 20601 | D:13     | Noticed Josephine
 20602 | D:13     | Killed Josephine
 20603 | D:13     | Gained mutation: You are mostly covered in icy blue scales.
                  | (AC +3) [demonic ancestry]
 20603 | D:13     | Reached XP level 15. HP: 78/117 MP: 6/25
 20733 | D:13     | Found a gate to the Vaults.
 21196 | D:14     | Noticed Frances
 21207 | D:14     | Killed Frances
 21839 | D:14     | Found a runed translucent door.
 21910 | D:14     | Found Jacokkugh's Distillery.
 22291 | D:14     | Noticed a tentacled monstrosity
 22314 | D:14     | Reached skill level 10 in Dodging
 22318 | D:14     | Killed a tentacled monstrosity
 22615 | D:15     | Entered Level 15 of the Dungeon
 22761 | D:15     | Found a staircase to the Depths.
 22902 | D:15     | Identified the ring "Ceegoipt" {Contam rElec rCorr EV+4
                  | Int+8}
 23365 | Orc:1    | Entered Level 1 of the Orcish Mines
 23366 | Orc:1    | Noticed Jorgrun
 23376 | Orc:1    | Killed Jorgrun
 23392 | Orc:1    | Found Vopauf's Magic Scroll Shoppe.
 23565 | Orc:1    | Reached skill level 1 in Evocations
 23570 | Orc:1    | Gained mutation: You are robust. (+10% HP) [demonic
                  | ancestry]
 23570 | Orc:1    | Reached XP level 16. HP: 105/139 MP: 21/26
 23680 | Orc:1    | Found a shimmering blue altar of Sif Muna.
 23791 | Orc:1    | Noticed Fannar
 23802 | Orc:1    | Killed Fannar
 23819 | Orc:1    | Found Onotyshy's Assorted Antiques.
 23841 | Orc:1    | Bought 3 scrolls of identify for 204 gold pieces
 23905 | Orc:1    | Found Fuonupnuwk's Assorted Antiques.
 24058 | Orc:2    | Entered Level 2 of the Orcish Mines
 24086 | Orc:2    | Gained mutation: You sometimes lose the ability to read
                  | scrolls when taking damage. [a neqoxec]
 24103 | Orc:2    | Found Faotofol's Book Boutique.
 24128 | Orc:2    | Found Wanax's General Store.
 24220 | Orc:2    | Found Ropialof's Antique Armour Boutique.
 24224 | Orc:2    | Found Nuanied's Antique Weapon Boutique.
 24240 | Orc:2    | Bought a scroll of magic mapping for 45 gold pieces
 24309 | Orc:2    | Found a staircase to the Elven Halls.
 24341 | Orc:2    | Noticed Rupert
 24351 | Orc:2    | Killed Rupert
 24916 | Shoals:1 | Entered Level 1 of the Shoals
 24987 | Shoals:1 | Noticed a kraken
 24995 | Shoals:1 | Killed a kraken
 25203 | Shoals:1 | Reached skill level 10 in Shields
 25702 | Shoals:2 | Found Pialir's Weapon Shoppe.
 26040 | Shoals:2 | Reached skill level 15 in Invocations
 26514 | Shoals:3 | Noticed Donald
 26535 | Shoals:3 | Killed Donald
 26933 | Shoals:3 | Noticed a kraken
 26941 | Shoals:3 | Killed a kraken
 27232 | Shoals:4 | Entered Level 4 of the Shoals
 27232 | Shoals:4 | Noticed Mara
 27234 | Shoals:4 | Noticed HallandMoats's illusion
 27249 | Shoals:4 | Killed Mara
 27250 | Shoals:4 | Reached skill level 15 in Long Blades
 27250 | Shoals:4 | Reached skill level 5 in Evocations
 27253 | Shoals:4 | Noticed Polyphemus
 27555 | Shoals:4 | Killed Polyphemus
 27613 | Shoals:4 | Noticed a sphinx
 27618 | Shoals:4 | Gained mutation: A powerful demonic guardian rushes to your
                  | aid. [demonic ancestry]
 27618 | Shoals:4 | Reached XP level 17. HP: 103/146 MP: 19/28
 27632 | Shoals:4 | Noticed Nikola
 27905 | Shoals:4 | Killed Nikola
 28308 | Shoals:4 | Got a barnacled rune of Zot
 28371 | Shoals:4 | Found the +8 glaive of the Guard {elec, spectral, AC+5}
 28665 | D:14     | Bought a potion of mutation for 120 gold pieces
 28665 | D:14     | Bought a potion of curing for 45 gold pieces
 28665 | D:14     | Bought a potion of invisibility for 120 gold pieces
 28913 | D:2      | Bought a potion of magic for 88 gold pieces
 28913 | D:2      | Bought a potion of heal wounds for 55 gold pieces
 28913 | D:2      | Bought a potion of heal wounds for 55 gold pieces
 28913 | D:2      | Bought a potion of heal wounds for 55 gold pieces
 28913 | D:2      | Bought a potion of mutation for 88 gold pieces
 28913 | D:2      | Lost mutation: You tend to lose your temper in combat.
                  | [potion of mutation]
 28913 | D:2      | Lost mutation: You occasionally shout uncontrollably at
                  | your foes. [potion of mutation]
 28913 | D:2      | Gained mutation: Armour fits poorly on your strangely
                  | shaped body. [potion of mutation]
 28913 | D:2      | Gained mutation: You have sharp fingernails. [potion of
                  | mutation]
 28914 | D:2      | Lost mutation: Armour fits poorly on your strangely shaped
                  | body. [potion of mutation]
 28914 | D:2      | Lost mutation: You sometimes lose the ability to read
                  | scrolls when taking damage. [potion of mutation]
 28914 | D:2      | Lost mutation: You have sharp fingernails. [potion of
                  | mutation]
 28914 | D:2      | Gained mutation: You are agile. (Dex +2) [potion of
                  | mutation]
 28914 | D:2      | Gained mutation: You have hidden genetic potential. [potion
                  | of mutation]
 29170 | Spider:1 | Entered Level 1 of the Spider Nest
 31384 | Spider:3 | Reached XP level 18. HP: 133/158 MP: 24/30
 31661 | Spider:3 | Noticed Riopsa's ghost (adept GrEE)
 31739 | Spider:3 | Found a transporter.
 31942 | Spider:3 | Found a transporter.
 32225 | Spider:3 | Identified the +1 ring mail of Wu Jian's Grace {Contam Fly
                  | rElec Will++}
 32267 | Spider:4 | Entered Level 4 of the Spider Nest
 32806 | Spider:4 | Gained mutation: You are very agile. (Dex +4) [hidden
                  | potential]
 33867 | Spider:4 | Got a gossamer rune of Zot
 34319 | Vaults:1 | Entered Level 1 of the Vaults
 34615 | Vaults:1 | Got the Tome of Combat Magic
 34663 | Vaults:1 | Found Zab Tux's Weapon Shop.
 34694 | Vaults:1 | Noticed a golden dragon
 34709 | Vaults:1 | Killed a golden dragon
 35936 | Orc:1    | Bought a scroll of silence for 82 gold pieces
 35936 | Orc:1    | Bought a scroll of blinking for 82 gold pieces
 35936 | Orc:1    | Bought a scroll of enchant weapon for 82 gold pieces
 35936 | Orc:1    | Bought a scroll of teleportation for 33 gold pieces
 35936 | Orc:1    | Bought a scroll of identify for 22 gold pieces
 35936 | Orc:1    | Bought a scroll of teleportation for 33 gold pieces
 35936 | Orc:1    | Bought a scroll of teleportation for 33 gold pieces
 35970 | Orc:1    | Bought a scroll of identify for 40 gold pieces
 35970 | Orc:1    | Bought a scroll of teleportation for 60 gold pieces
 35993 | Orc:1    | Bought a potion of invisibility for 272 gold pieces
 35993 | Orc:1    | Bought a scroll of fear for 119 gold pieces
 35993 | Orc:1    | Bought a scroll of fear for 119 gold pieces
 36197 | Vaults:2 | Reached XP level 19. HP: 142/168 MP: 26/31
 36946 | Vaults:2 | Reached skill level 15 in Fighting
 36986 | Vaults:2 | Gained mutation: Your flesh is heat resistant. (rF+)
                  | [hidden potential]
 36986 | Vaults:2 | Lost mutation: You have hidden genetic potential. [hidden
                  | potential expressed]
 37644 | Vaults:2 | Noticed Saint Roka
 37654 | Vaults:2 | Killed Saint Roka
 38670 | Vaults:3 | Gained mutation: You have hoof-like feet. [demonic
                  | ancestry]
 38670 | Vaults:3 | Reached XP level 20. HP: 88/180 MP: 15/32
 38671 | Vaults:3 | Reached skill level 10 in Evocations
 41967 | Depths:1 | Entered Level 1 of the Depths
 42225 | Depths:1 | Noticed Bai Suzhen
 42278 | Depths:1 | Killed Bai Suzhen
 43121 | Depths:1 | Found a sparkling altar of Nemelex Xobeh.
 43165 | Depths:1 | Reached XP level 21. HP: 152/191 MP: 28/34
 43597 | Depths:1 | Found a gateway to Hell.
 44247 | Depths:2 | Found a one-way gateway to a ziggurat.
 44569 | Depths:2 | Found a one-way gate leading to the halls of Pandemonium.
 45310 | Depths:3 | Noticed Frederick
 45321 | Depths:2 | Killed Frederick
 45887 | Depths:3 | Noticed an ancient lich
 45896 | Depths:3 | Killed an ancient lich
 45993 | Depths:3 | Found a one-way gate to the infinite horrors of the Abyss.
 46037 | Depths:3 | Identified the +7 scale mail of Awe {rElec}
 46660 | Depths:3 | You fall into a shaft and drop 1 floor!
 46660 | Depths:4 | Entered Level 4 of the Depths
 48044 | Vaults:5 | Entered Level 5 of the Vaults
 48051 | Vaults:5 | Noticed a golden dragon
 48069 | Vaults:5 | Gained mutation: You have hooves in place of feet. [demonic
                  | ancestry]
 48069 | Vaults:5 | Reached XP level 22. HP: 82/199 MP: 8/35
 48083 | Vaults:4 | Killed a golden dragon
 49132 | Vaults:5 | Noticed a golden dragon
 49514 | Vaults:4 | Killed a golden dragon
 50497 | Vaults:5 | Noticed a dread lich
 50793 | Vaults:4 | Killed a dread lich
 51217 | Vaults:5 | Found Unoyvoe's Antique Weapon Boutique.
 51276 | Vaults:5 | Found the +4 Cigotuvi's embrace {rMiasma Drain rN+}
 51431 | Vaults:5 | Got a silver rune of Zot
 51623 | Vaults:5 | Noticed a dread lich
 52215 | Vaults:5 | Noticed a dread lich
 52226 | Vaults:5 | Killed a dread lich
 52708 | Elf:1    | Entered Level 1 of the Elven Halls
 52758 | Elf:1    | Found a shimmering blue altar of Sif Muna.
 52888 | Elf:1    | Reached skill level 15 in Armour
 52970 | Elf:1    | Found a flickering gateway to a bazaar.
 52975 | Bazaar   | Entered a bazaar
 53090 | Bazaar   | Found Otweag's Book Boutique.
 53090 | Bazaar   | Found Jyurchusa's Jewellery Shop.
 53149 | Bazaar   | Found Pixu's Jewellery Boutique.
 53149 | Bazaar   | Found Tegaakla's Jewellery Shop.
 53181 | Bazaar   | Bought the amulet of Vitality {Regen+ HP+15} for 711 gold
                  | pieces
 53181 | Bazaar   | Found the amulet of Vitality {Regen+ HP+15}
 53191 | Bazaar   | Bought a ring of the Solstice {rF++ Dex+6 SInv} for 784
                  | gold pieces
 53230 | Bazaar   | Bought the Compendium of Blistering Clay for 322 gold
                  | pieces
 53678 | Elf:1    | You fall into a shaft and drop 1 floor!
 53688 | Elf:2    | Reached skill level 15 in Dodging
 53804 | Elf:2    | Found a huge runed translucent gate.
 53805 | Elf:2    | Found a huge runed translucent gate.
 53807 | Elf:2    | Found a huge runed translucent gate.
 53808 | Elf:2    | Found a huge runed translucent gate.
 53809 | Elf:2    | Found a huge runed translucent gate.
 53828 | Elf:2    | Reached XP level 23. HP: 185/207 MP: 32/37
 54378 | Elf:2    | Paralysed by an air elemental for 1 turns
 55486 | Elf:3    | Entered Level 3 of the Elven Halls
 56365 | Elf:3    | Identified the ring of Jyucwur {Fly rPois rF+ Will-}
 56410 | Elf:3    | Got Ymanne's Disquisition on Glacial Conjuration
 56419 | Elf:3    | Identified the +6 short sword of Kindness {drain, rPois}
 56428 | Elf:3    | Identified the +0 cloak of Okawaru's Esteem {+Blink}
 56458 | Elf:3    | Found the +0 mask of the Dragon {Will+ Slay+3 SInv}
 56474 | Elf:3    | Identified the +7 short sword of Strategic Superiority
                  | {pain, rF+}
 56613 | Elf:3    | Found Lac Itze's Antique Armour Shoppe.
 57149 | Slime:1  | Entered Level 1 of the Pits of Slime
 57199 | Slime:1  | Gained mutation: You are occasionally teleported next to
                  | monsters. [a shining eye]
 57207 | Slime:1  | Gained mutation: Your skin changes colour to match your
                  | surroundings (Stealth+). [a shining eye]
 57209 | Slime:1  | Gained mutation: You sometimes lose the ability to read
                  | scrolls when taking damage. [a shining eye]
 57213 | Slime:1  | Gained mutation: Your body sometimes deteriorates upon
                  | taking damage. [a shining eye]
 58130 | Slime:2  | Gained mutation: You tend to lose your temper in combat. [a
                  | shining eye]
 58133 | Slime:2  | Gained mutation: Armour fits poorly on your strangely
                  | shaped body. [a shining eye]
 58138 | Slime:2  | Gained mutation: You are weak. (Str -2) [a shining eye]
 58148 | Slime:2  | Gained mutation: You occasionally shout uncontrollably at
                  | your foes. [a shining eye]
 58387 | Slime:2  | You fall into a shaft and drop 2 floors!
 58419 | Slime:4  | Gained mutation: You are dopey. (Int -2) [a shining eye]
 59318 | Slime:5  | Entered Level 5 of the Pits of Slime
 59344 | Slime:5  | Noticed the Royal Jelly
 59591 | Slime:4  | Lost mutation: You occasionally shout uncontrollably at
                  | your foes. [potion of mutation]
 59591 | Slime:4  | Lost mutation: You are very agile. (Dex +4) [potion of
                  | mutation]
 59591 | Slime:4  | Lost mutation: You tend to lose your temper in combat.
                  | [potion of mutation]
 59591 | Slime:4  | Lost mutation: You are weak. (Str -2) [potion of mutation]
 59591 | Slime:4  | Gained mutation: You do not regenerate when monsters are
                  | visible. [potion of mutation]
 59628 | Slime:4  | Gained mutation: You are very robust. (+20% HP) [demonic
                  | ancestry]
 59628 | Slime:4  | Reached XP level 24. HP: 205/243 MP: 35/37
 59705 | Slime:5  | Gained mutation: You are weak. (Str -2) [a shining eye]
 60043 | Depths:2 | Lost mutation: You are weak. (Str -2) [potion of mutation]
 60043 | Depths:2 | Lost mutation: You are agile. (Dex +2) [potion of mutation]
 60043 | Depths:2 | Lost mutation: Your body sometimes deteriorates upon taking
                  | damage. [potion of mutation]
 60043 | Depths:2 | Lost mutation: You are dopey. (Int -2) [potion of mutation]
 60043 | Depths:2 | Lost mutation: Your flesh is heat resistant. (rF+) [potion
                  | of mutation]
 60043 | Depths:2 | Gained mutation: You are resistant to electric shocks.
                  | (rElec) [potion of mutation]
 60132 | Depths:3 | Lost mutation: Armour fits poorly on your strangely shaped
                  | body. [potion of mutation]
 60132 | Depths:3 | Lost mutation: You sometimes lose the ability to read
                  | scrolls when taking damage. [potion of mutation]
 60132 | Depths:3 | Lost mutation: Your movements are slightly less encumbered
                  | by armour. (ER -2) [potion of mutation]
 60132 | Depths:3 | Lost mutation: You do not regenerate when monsters are
                  | visible. [potion of mutation]
 60132 | Depths:3 | Gained mutation: Your magical capacity is low. (-10% MP)
                  | [potion of mutation]
 60132 | Depths:3 | Gained mutation: You are agile. (Dex +2) [potion of
                  | mutation]
 61072 | Slime:5  | Killed the Royal Jelly
 61384 | Slime:5  | Found the +11 plutonium sword {Contam Stlth-}
 61390 | Slime:5  | Got a slimy rune of Zot
 61430 | Slime:5  | Identified the +9 great sword "Leiwe Asu" {pain, rC+ Will+
                  | Dex+3}
 61461 | Slime:5  | Got the Incunabulum of Ice and Beguiling
 61494 | Slime:5  | Identified the +8 rapier "Hiyx Gat" {venom, Int+3}
 61917 | Depths:4 | Noticed Sojobo
 61936 | Depths:4 | Killed Sojobo
 62030 | Depths:4 | Found a gateway to a bazaar.
 62092 | Depths:4 | Found Selon's Weapon Boutique.
 62443 | Depths:4 | Found a gate to the Realm of Zot.
 63101 | Zig:1    | Entered Level 1 of a ziggurat
 63121 | Zig:2    | Entered Level 2 of a ziggurat
 63155 | Zig:3    | Entered Level 3 of a ziggurat
 63177 | Zig:4    | Entered Level 4 of a ziggurat
 63283 | Zig:5    | Entered Level 5 of a ziggurat
 63285 | Zig:5    | Found the +10 dark maul {vorpal}
 63313 | Zig:5    | Identified the +10 quarterstaff "Bitosump" {holy, Str+3}
 63411 | Zig:6    | Entered Level 6 of a ziggurat
 63412 | Zig:6    | Noticed Qohafyn the pandemonium lord
 63424 | Zig:6    | Gained mutation: You sometimes lose the ability to read
                  | scrolls when taking damage. [a cacodemon]
 63427 | Zig:6    | Gained mutation: You are dopey. (Int -2) [a cacodemon]
 63433 | Zig:6    | Killed Qohafyn the pandemonium lord
 63444 | Zig:6    | Lost mutation: You are agile. (Dex +2) [potion of mutation]
 63444 | Zig:6    | Lost mutation: You are occasionally teleported next to
                  | monsters. [potion of mutation]
 63444 | Zig:6    | Gained mutation: You tend to lose your temper in combat.
                  | [potion of mutation]
 63444 | Zig:6    | Gained mutation: Armour fits poorly on your strangely
                  | shaped body. [potion of mutation]
 63444 | Zig:6    | Lost mutation: Your magical capacity is low. (-10% MP)
                  | [potion of mutation]
 63744 | Zig:7    | Entered Level 7 of a ziggurat
 64092 | Zig:8    | Entered Level 8 of a ziggurat
 64096 | Zig:8    | Noticed Efohoxku the pandemonium lord
 64097 | Zig:8    | Noticed a Killer Klown
 64098 | Zig:8    | Noticed a Killer Klown
 64099 | Zig:8    | Killed a Killer Klown
 64099 | Zig:8    | Killed a Killer Klown
 64101 | Zig:8    | Killed Efohoxku the pandemonium lord
 64115 | Zig:8    | Identified the +2 leather armour of Evolution {rCorr Dex+2}
 64569 | Zig:8    | Lost mutation: You are resistant to electric shocks.
                  | (rElec) [potion of mutation]
 64569 | Zig:8    | Lost mutation: Your skin changes colour to match your
                  | surroundings (Stealth+). [potion of mutation]
 64569 | Zig:8    | Lost mutation: Armour fits poorly on your strangely shaped
                  | body. [potion of mutation]
 64569 | Zig:8    | Gained mutation: You expend magic power (3 MP) to
                  | strengthen your wands. [potion of mutation]
 64569 | Zig:8    | Gained mutation: Your spells are a little easier to cast,
                  | but a little less powerful. [potion of mutation]
 64569 | Zig:8    | Gained mutation: You are partially covered in large bone
                  | plates. (SH +4) [potion of mutation]
 64573 | Zig:9    | Entered Level 9 of a ziggurat
 64742 | Zig:9    | Identified the +10 mace "Lethol" {elec, Dex+7}
 64744 | Zig:9    | Identified the +6 shortbow "Ceull" {flame, Str+3 Int+4}
 64769 | Zig:10   | Entered Level 10 of a ziggurat
 64774 | Zig:10   | Noticed a dread lich
 64776 | Zig:10   | Noticed a dread lich
 64787 | Zig:10   | Killed a dread lich
 64791 | Zig:10   | Killed a dread lich
 64915 | Zig:10   | Got the Disquisition on Poison and the Voyage
 64936 | Zig:11   | Entered Level 11 of a ziggurat
 64982 | Zig:11   | Gained mutation: You are extremely robust. (+30% HP)
                  | [demonic ancestry]
 64982 | Zig:11   | Reached XP level 25. HP: 91/278 MP: 17/38
 65351 | Zig:11   | Identified the +10 spear of Bodily Harmony {vorpal, Dex+7}
 65355 | Zig:11   | Identified the +8 trident "Saicul" {holy, Int+3}
 65366 | Zig:12   | Entered Level 12 of a ziggurat
 65374 | Zig:12   | Noticed an ancient lich
 65375 | Zig:12   | Noticed an ancient lich
 65376 | Zig:12   | Noticed a dread lich
 65388 | Zig:12   | Killed a dread lich
 65388 | Zig:12   | Killed an ancient lich
 65389 | Zig:12   | Killed an ancient lich
 65392 | Zig:12   | Found the +12 glaive of Prune {vorpal}
 65422 | Zig:12   | Identified the +9 scimitar of Terra Cotta {drain, Str+4}
 65455 | Zig:13   | Entered Level 13 of a ziggurat
 65543 | Zig:13   | Identified the +4 fustibalus of Death {vorpal, Dex+3 SInv}
 65565 | Zig:13   | Lost mutation: Your spells are a little easier to cast, but
                  | a little less powerful. [potion of mutation]
 65565 | Zig:13   | Lost mutation: You tend to lose your temper in combat.
                  | [potion of mutation]
 65565 | Zig:13   | Gained mutation: You have sharp fingernails. [potion of
                  | mutation]
 65565 | Zig:13   | Lost mutation: You have sharp fingernails. [potion of
                  | mutation]
 65565 | Zig:13   | Gained mutation: You are strong-willed. (Will+) [potion of
                  | mutation]
 65569 | Zig:14   | Entered Level 14 of a ziggurat
 65577 | Zig:14   | Noticed Rydwaa the pandemonium lord
 65578 | Zig:14   | Noticed Rirgheacs the pandemonium lord
 65578 | Zig:14   | Noticed Zoleojau the pandemonium lord
 65578 | Zig:14   | Noticed a Killer Klown
 65580 | Zig:14   | Noticed Mitadeg the pandemonium lord
 65581 | Zig:14   | Noticed a Killer Klown
 65581 | Zig:14   | Noticed a Killer Klown
 65583 | Zig:14   | Noticed Uniaffom the pandemonium lord
 65591 | Zig:14   | Killed Mitadeg the pandemonium lord
 65593 | Zig:14   | Killed a Killer Klown
 65603 | Zig:14   | Killed a Killer Klown
 65610 | Zig:14   | Identified the +0 helmet of Resourcefulness {rF+ Will+
                  | Str+4 Int-4}
 65612 | Zig:14   | HP: 11/282 [Rydwaa the pandemonium lord (12)]
 65614 | Zig:15   | Entered Level 15 of a ziggurat
 65642 | Zig:15   | HP: 14/282 [??? (5)]
 65645 | Zig:15   | Killed from afar by a salamander tyrant

Illustrated notes

Levels and vault maps discovered:
D:1:      lightli_arrival_boilingwater, layout_loops_corners,
          nrook_mini_backslash
D:2:      layout_loops_ring, serial_shops, shop_statue, basic_altar
D:3:      layout_basic, grunt_gozag_breadcrumbs,
          hellmonk_ecumenical_altar_blasted, serial_bayou_ford_a,
          chequers_avenue, minmay_quantized, uniq_jessica, uniq_grinder
D:4:      layout_basic, kennysheep_generic_room_12, uniq_menkaure
D:5:      layout_rooms, minmay_temple_entry_mini_moons
D:6:      layout_cave_pools, kennysheep_mini, kennysheep_boxes,
          uniq_prince_ribbit1, uniq_edmund, uniq_pikel, uniq_blork_the_orc
D:7:      layout_rooms, tso_metal_star, hellmonk_ghost_happy_afterlife
D:8:      layout_basic, nicolae_looking_at_the_future
D:9:      nicolae_cairo_tiling, layout_basic, special_room
          [special_room_kobold], uniq_erica
D:10:     layout_cave_pods, pdpol_wu_jian_five_deadly_venoms, uniq_urug
D:11:     layout_basic, erik_lair_island, serial_park_tiny_2
D:12:     layout_cave_pools, uniq_erolcha
D:13:     layout_loops_ring, grunt_vaults_entry_tiered, uniq_josephine
D:14:     cheibrodos_body_horror, layout_gridville, minivault_23, serial_shops,
          shop, uniq_frances
D:15:     gammafunk_depths_entry_grave, layout_cave_pools,
          hangedman_abyss_or_decor_lesser_grid, serial_rivers,
          chequers_serial_rivers_micro_a, chequers_serial_rivers_small_3,
          chequers_serial_rivers_micro_d, chequers_serial_rivers_marsh,
          amcnicky_mini_pool_small, zin_treasury
Temple:   dpeg_five_rooms_temple
Lair:1:   layout_misc_corridors, wad_woods_06, infiniplex_staircase_pool
Lair:2:   gammafunk_cloud_chamber, layout_chaotic_city,
          nicolae_spider_entry_non_spiders, lemuel_fruit_tree,
          lemuel_fruit_fields
Lair:3:   layout_roguey, minmay_shoals_entry_centaurs, lemuel_fruit_fields,
          uniq_sonja
Lair:4:   layout_cave_shapes
Lair:5:   layout_misc_corridors, dpeg_slime_entry_enclosed_altar, basic_altar
Lair:6:   evilmike_catoblepas_cave, layout_loops_ring, serial_bayou_pond_c,
          minmay_lair_oklob_items, ldierk_geyser
Shoals:1: layout_shoals, nicolae_shoals_kraken_intersection
Shoals:2: argonaut_golden_fleece, layout_shoals, serial_shops, shop_fountains,
          nicolae_shoals_water_elemental_grotto
Shoals:3: layout_shoals, uniq_donald
Shoals:4: shoals_end_hellmonk_lost_city, uniq_polyphemus, uniq_mara, uniq_nikola
Spider:1: layout_spider_delve
Spider:2: layout_spider_delve
Spider:3: layout_chambers, gammafunk_ghost_arena
Spider:4: guppyfry_spider_rune
Slime:1:  layout_caves
Slime:2:  layout_caves
Slime:3:  nicolae_slime_pool, layout_caves, nicolae_slime_barrier
Slime:4:  layout_caves
Slime:5
Orc:1:    layout_caves, serial_shops, nicolae_shop_stone, shop_fountains,
          shop_statue, kennysheep_orc_sif_temple, uniq_jorgrun, uniq_fannar
Orc:2:    grunt_orc_cross, layout_caves, uniq_rupert
Elf:1:    layout_onion_city, serial_shops, bzr_entry_gold, basic_altar,
          hangedman_elven_crosses_minicolossus, lemuel_flamethrower_hall
Elf:2:    elven_hall_of_blades_hangedman_alternative
          [nicolae_blade_entry_area_security], layout_rooms,
          dreamdust_deal_with_the_devil
Elf:3:    minmay_elf_hall_spiked, layout_gridlike, serial_shops, shop,
          grunt_ministairs_7, roderic_roman_lattice, st_stairs_7,
          minivault_25_ag
Vaults:1: v_misc_8, st_cross, vaults_dpeg_spiral, nicolae_vaults_angled_halls,
          hangedman_vaults_slice, grunt_vaults_funnel, nicolae_vaults_alarming,
          vaults_dpeg_hooks, nicolae_vaults_little_squares_4, v_misc_19,
          layout_vaults_omnigrid, serial_shops,
          nicolae_shop_bloodbath_and_beyond
Vaults:2: ontoclasm_vaults_spin, nicolae_vaults_meeting,
          ontoclasm_vaults_misaligned, vaults_room_boxed,
          nicolae_vaults_network_quinsquares
          [nicolae_vaults_network_quincunx_subvault,
          nicolae_vaults_network_quincunx_subvault,
          nicolae_vaults_network_quincunx_subvault,
          nicolae_vaults_network_quincunx_subvault], hangedman_vaults_nails,
          v_misc_3, grunt_vaults_hallway_long, grunt_vaults_swirl, serial_ice_b,
          nicolae_vaults_little_squares_3, layout_vaults_big_cross,
          uniq_saint_roka
Vaults:3: vaults_mumra_chevron_long, dpeg_vaults_monster_box,
          nicolae_vaults_big_angled_halls, ontoclasm_vaults_shuriken,
          minmay_crypt_entry_simple_round, nicolae_vaults_rhombus_5, st_star,
          nicolae_vaults_what_the_h, v_alt_pattern_1, v_misc_16, v_misc_17,
          nicolae_vaults_little_squares_6, layout_vaults_omnibox
Vaults:4: v_misc_13, v_misc_24, vaults_mumra_chevron, v_misc_9,
          vaults_dpeg_cross, nicolae_vaults_rhombus_5, grunt_vaults_diagonal,
          ontoclasm_vaults_hangar, v_misc_29, v_pattern_2,
          layout_vaults_maze_snakey
Vaults:5: serial_shops
Depths:1: layout_big_octagon, lightli_too_deep, nicolae_water_bricks,
          grunt_ministairs_3, st_stairs_9, nemelex_lonely_heart_becter,
          grunt_megastairs_1, uniq_bai_suzhen
Depths:2: kennysheep_bubble_arena, layout_cave_shapes, enter_ziggurat_a,
          rand_demon_pan_entry_8, pf_hell_entry_tar_river,
          kennysheep_cross_room, nicolae_elevator_lobby_asterisk
Depths:3: hangedman_crystal_crosses_colossus [crystal_crosses_arms_four,
          crystal_crosses_arms_four, crystal_crosses_arms_two,
          crystal_crosses_arms_two], abyss_entry, hell_entry, uniq_frederick
Depths:4: evilmike_zot_entry_basic, layout_gridlike, minmay_fountain_box,
          serial_shops, bzr_entry_safe, hellmouth_1, minmay_shop_star,
          serial_bayou_shore_b, serial_bayou_shore_b, serial_bayou_shore_b,
          uniq_sojobo
Zig:15

Skill      XL: |  1  2  3  4  5  6  7  8  9 10 11 12 13 14 15 16 17 18 19 20 21 22 23 24 25 |
---------------+----------------------------------------------------------------------------+-----
Axes           | 2 |  2.2
Invocations    | 1 2 3 4 5 6 8 9 11 12 13 14 15 16 17 18 19 20 21 22 | 22.9
Armour         | 3 4 5 6 7 8 9 10 11 12 13 14 15 16 17 | 17.5
Shields        | 3 4 5 7 9 10 | 10.2
Dodging        | 1 2 3 4 5 6 7 8 9 10 11 12 13 14 15 16 17 | 17.3
Long Blades    | 1 2 3 4 6 7 9 11 12 13 14 15 16 17 18 19 20 21 | 21.0
Slings         | 1 2 3 4 5 |  5.8
Fighting       | 4 5 6 7 8 9 10 11 12 13 14 15 17 18 19 21 22 | 22.2
Evocations     | 1 5 7 8 9 11 12 13 14 | 14.8

Action                   |  1- 3 |  4- 6 |  7- 9 | 10-12 | 13-15 | 16-18 | 19-21 | 22-24 | 25-27 || total
-------------------------+-------+-------+-------+-------+-------+-------+-------+-------+-------++-------
Melee: War axe           |    52 |       |       |       |       |       |       |       |       ||    52
       Double sword      |       |    33 |   128 |   307 |   498 |   787 |  1060 |  1040 |    51 ||  3904
       Kick              |       |     6 |    30 |    94 |   152 |       |       |   551 |    21 ||   854
       Scimitar          |       |       |       |     8 |   115 |   151 |    97 |       |       ||   371
       Demon blade       |       |       |       |       |       |       |    79 |   106 |       ||   185
 Fire: Hunting sling     |    12 |     5 |       |       |       |       |       |       |       ||    17
Throw: Throwing net      |       |       |       |       |       |     1 |       |       |       ||     1
Invok: Elemental Force   |       |       |       |     2 |     2 |     2 |     1 |     7 |     1 ||    15
       Disaster Area     |       |       |       |       |     5 |     6 |     3 |    12 |     1 ||    27
Evoke: Wand              |       |       |       |       |       |     3 |     1 |    14 |       ||    18
       Condenser vane    |       |       |       |       |       |     1 |     1 |     4 |     2 ||     8
       Phantom mirror    |       |       |       |       |       |       |       |     1 |       ||     1
  Use: Potion            |       |     1 |     7 |     2 |     9 |    11 |    10 |    29 |    17 ||    86
       Scroll            |       |     3 |     5 |     7 |     4 |    13 |     2 |    11 |       ||    45
 Stab: Petrified         |       |       |       |       |     5 |     5 |       |       |       ||    10
       Invisible         |       |       |       |       |       |     1 |       |     1 |       ||     2
       Confused          |       |       |       |       |       |       |     2 |       |       ||     2
       Distracted        |       |       |       |       |       |       |     1 |     2 |       ||     3
       Paralysed         |       |       |       |       |       |       |     5 |     6 |       ||    11
Armor: Scale mail        |    19 |     6 |    46 |       |       |       |       |       |       ||    71
       Plate armour      |       |       |     8 |   194 |    37 |       |       |       |       ||   239
       Troll leather arm |       |       |       |     8 |   102 |   379 |       |       |       ||   489
       Gold dragon scale |       |       |       |       |       |     4 |   591 |   557 |    30 ||  1182
Dodge: Dodged            |    23 |     9 |    46 |   124 |   223 |   532 |   256 |   487 |    26 ||  1726
       Repelled          |     2 |       |     2 |     2 |     6 |     4 |     9 |    23 |     4 ||    52
Block: Buckler           |    14 |     5 |    41 |   174 |    49 |       |       |       |       ||   283
       Kite shield       |       |       |       |       |   391 |  1133 |  1001 |  1257 |    82 ||  3864
       Reflection        |       |       |       |       |       |    32 |    39 |    72 |     7 ||   150

Table legend: (Time is in decaauts)
 A = Elapsed time spent in this place.
 B = Non-inter-level travel time spent in this place.
 C = Inter-level travel time spent in this place.
 D = Time resting spent in this place.
 E = Time spent auto-exploring this place.
 F = Levels seen in this place.
 G = Mean time per level.
                   A        B        C        D        E       F      G
               +--------+--------+--------+--------+--------+-----+--------+
         Total |  65509 |  59839 |   5670 |  11896 |  37089 |  68 |  963.4 |
       Dungeon |  18086 |  15424 |   2662 |   2143 |  10892 |  15 | 1205.7 |
        Temple |    355 |    272 |     83 |      0 |    260 |   1 |  355.0 |
          Lair |   6759 |   5984 |    775 |    334 |   4725 |   6 | 1126.5 |
        Shoals |   3867 |   3662 |    205 |   1118 |   1786 |   4 |  966.8 |
   Spider Nest |   4985 |   4749 |    236 |   1172 |   2595 |   4 | 1246.2 |
    Slime Pits |   3851 |   3731 |    120 |   1396 |   1617 |   5 |  770.2 |
  Orcish Mines |   1587 |   1359 |    228 |     94 |    996 |   2 |  793.5 |
   Elven Halls |   3918 |   3664 |    254 |      0 |   2639 |   3 | 1306.0 |
        Vaults |  11679 |  11124 |    555 |   3264 |   6125 |   5 | 2335.8 |
        Depths |   7430 |   6883 |    547 |    984 |   4741 |   4 | 1857.5 |
         Abyss |    299 |    299 |      0 |     31 |     16 |   3 |   99.7 |
      Ziggurat |   2422 |   2422 |      0 |   1357 |    495 |  15 |  161.5 |
        Bazaar |    264 |    264 |      0 |      0 |    199 |   1 |  264.0 |
               +--------+--------+--------+--------+--------+-----+--------+

Top non-repeatable levels by time:
Vaults:4: 4172 daAuts
Vaults:2: 2284 daAuts
Depths:3: 2193 daAuts
    D:11: 2028 daAuts
Depths:1: 2009 daAuts
Depths:2: 1963 daAuts
Vaults:3: 1856 daAuts
Vaults:5: 1749 daAuts
Spider:4: 1696 daAuts
     D:6: 1686 daAuts
     D:9: 1663 daAuts
Vaults:1: 1616 daAuts
    D:10: 1528 daAuts
    D:14: 1509 daAuts
  Lair:3: 1483 daAuts
